 Dungeon Crawl Stone Soup version 0.18-a0-514-ga7d9996 (webtiles) character file.

536 Proton the Shield-Bearer (level 7, 0/55 HPs)
             Began as a Formicid Fighter on Dec 3, 2015.
             Killed from afar by Dowan (23 damage)
             ... with a shard of ice
             ... on level 4 of the Dungeon.
             The game lasted 00:05:40 (3067 turns).

Proton the Shield-Bearer (Formicid Fighter)         Turns: 3067, Time: 00:05:41

Health: 0/55       AC: 12    Str: 23    XL:     7   Next: 50%
Magic:  7/7        EV:  7    Int:  7    God:
Gold:   100        SH: 10    Dex: 10    Spells: 0 memorised, 6 levels left

rFire  . . .     SeeInvis +     a - +0 war axe
rCold  . . .     Clarity  .     j - +0 chain mail
rNeg   . . .     SustAt   .     c - +0 shield
rPois  .         Gourm    .     (helmet unavailable)
rElec  .         Spirit   .     (no cloak)
rCorr  .         Dismiss  .     (no gloves)
rMut   .         Stasis   +     u - +2 pair of boots
MR     .....                    (no amulet)
Stlth  ..........               (no ring)
                                (no ring)

@: not resistant to hostile enchantments, extremely unstealthy
A: permanent stasis, dig shafts and tunnels, four strong arms, antennae 3
a: Dig, Shaft Self


You were on level 4 of the Dungeon.
You were not hungry.

You visited 1 branch of the dungeon, and saw 4 of its levels.

You collected 212 gold pieces.
You spent 112 gold pieces at shops.

Inventory:

Hand Weapons
 a - a +0 war axe (weapon)
Armour
 c - a +0 shield (worn)
 j - a +0 chain mail (worn)
 u - a +2 pair of boots (worn)
Scrolls
 e - 4 scrolls of remove curse {unknown}
 f - 3 scrolls of identify {unknown}
 g - a scroll of enchant weapon {unknown}
 h - 2 scrolls of teleportation {unknown}
Potions
 d - 3 potions of might
 i - 4 potions of curing {unknown}
 k - a potion of beneficial mutation {unknown}
 l - a potion of ambrosia {unknown}
 m - a potion of cure mutation {unknown}
 o - a potion of lignification {unknown}
 p - a potion of agility {unknown}
 s - a potion of resistance {unknown}
 t - 2 potions of poison {unknown}
 v - a potion of mutation {unknown}
Comestibles
 b - 4 fruits
 n - 2 beef jerkies
 q - a meat ration
 r - 2 bread rations


   Skills:
 + Level 4.8 Fighting
 + Level 4.0 Axes
 + Level 4.8 Armour
 + Level 2.6 Dodging
 + Level 5.4 Shields


You had 6 spell levels left.
You didn't know any spells.

Dungeon Overview and Level Annotations

Branches:
Dungeon (4/15)
 Temple: D:4-7

Altars:
Cheibriados
Dithmenos
Makhleb
Trog

Shops:
D:4 (?[

Annotations:
D:4 Dowan


Innate Abilities, Weirdness & Mutations

You are under a permanent stasis effect.
You can dig through walls and to a lower floor.
Your four strong arms can wield two-handed weapons with a shield.
You have a pair of large antennae on your head (SInv).


Message History

You hit the quokka skeleton but do no damage.
Dowan hits you but does no damage.
The quokka skeleton bites you but does no damage.
Dowan says, "Her death will not be in vain!"
You block Dowan's attack.
The quokka skeleton bites you but does no damage.
You hit Dowan.
Dowan is heavily wounded.
You barely miss the quokka skeleton. Dowan gestures at you while chanting.
You block the shard of ice. The quokka skeleton barely misses you.
Dowan casts a spell.
Dowan blinks!
An ogre comes into view. It is wielding a giant club.
The ogre shouts!
You block the quokka skeleton's attack. You block Dowan's attack.
Dowan casts a spell at you. The shard of ice hits you!
You die...

.. #.........>..#.#
....#.##.#########.####
...#.......######.....
.......>##.......###.#
###......##............
..........#...........P
##..##...#...........P
.####$$$.e∩....#..........
.....$∩).@.....#######....
.?...$$).......# #..##
........Z.....)# #..#
...............# #..#
...............# ####
...............#
...............#
........O.......
................


You could see an ogre, Dowan and a quokka skeleton.

Vanquished Creatures
  Duvessa (D:4)
  A phantom (D:3)
  A crimson imp (D:3)
  An orc wizard (D:3)
  An orc priest (D:3)
  Terence (D:3)
  Natasha (twice) (D:2)
  4 gnolls (D:3)
  4 adders (D:2)
  2 oozes
  4 worms
  5 giant geckos
  10 orcs
  3 giant cockroaches
  9 goblins
  10 hobgoblins
  9 kobolds
  A quokka (D:3)
  A ball python (D:1)
  6 bats
  3 giant newts
  9 jackals
  5 rats
93 creatures vanquished.

Notes
Turn   | Place    | Note
--------------------------------------------------------------
     0 | D:1      | Proton the Formicid Fighter began the quest for the Orb.
     0 | D:1      | Reached XP level 1. HP: 18/18 MP: 1/1
   226 | D:1      | Reached XP level 2. HP: 20/24 MP: 2/2
   642 | D:1      | Reached XP level 3. HP: 29/29 MP: 3/3
   807 | D:1      | Reached skill level 1 in Dodging
  1036 | D:2      | Noticed Natasha
  1045 | D:2      | Killed Natasha
  1045 | D:2      | Reached skill level 4 in Shields
  1045 | D:2      | Reached XP level 4. HP: 26/36 MP: 4/4
  1713 | D:2      | Reached XP level 5. HP: 37/42 MP: 5/5
  1849 | D:2      | Noticed Natasha
  1850 | D:2      | Killed Natasha
  1851 | D:2      | Found a bloodstained altar of Trog.
  1979 | D:3      | Noticed a phantom
  2033 | D:3      | Killed a phantom
  2033 | D:3      | Reached XP level 6. HP: 24/48 MP: 6/6
  2316 | D:3      | Noticed Terence
  2326 | D:3      | Killed Terence
  2358 | D:3      | Reached skill level 5 in Shields
  2385 | D:3      | Found a burning altar of Makhleb.
  2386 | D:3      | Found a snail-covered altar of Cheibriados.
  2506 | D:3      | Reached XP level 7. HP: 51/55 MP: 7/7
  2723 | D:3      | Found a shadowy altar of Dithmenos.
  2991 | D:4      | Found Qarien's Antique Armour Shop.
  2996 | D:4      | Bought a pair of glowing boots for 112 gold pieces
  3025 | D:4      | Found Harum's Magic Scroll Shoppe.
  3045 | D:4      | Found Siteed's Antique Weapon Boutique.
  3047 | D:4      | Noticed Dowan
  3048 | D:4      | Noticed Duvessa
  3059 | D:4      | Killed Duvessa
  3067 | D:4      | Killed from afar by Dowan

Vault maps used:
D:1:      eino_arrival_water_cross
D:2:      lightli_temple_of_fire, first_bread, uniq_natasha
D:3:      grunt_temple_overflow_open, nicolae_overflow_crystal_walls,
          hangedman_decor_points, minmay_misc_feat_rows, uniq_terence
D:4:      old_standard_altar, kennysheep_little_box, serial_shops, shop, shop,
          nicolae_shop_overgrown_old_shop, shop_coins, uniq_crazy_yiuf_cottage,
          uniq_duvessa

Action                   |  1- 3 |  4- 6 |  7- 9 || total
-------------------------+-------+-------+-------++-------
Melee: War axe           |    96 |   203 |    50 ||   349
  Eat: Bread ration      |       |     1 |     1 ||     2
       Pizza             |       |     1 |       ||     1
